 Dungeon Crawl Stone Soup version 0.17.0-57-g0e89251 (webtiles) character file.

1796 JokEr the Cleaver (level 8, 0/96 HPs)
             Began as a Minotaur Berserker on Dec 7, 2015.
             Was an Elder of Trog.
             Succumbed to a killer bee's poison
             ... on level 7 of the Dungeon.
             The game lasted 00:15:41 (6890 turns).

JokEr the Cleaver (Minotaur Berserker)              Turns: 6890, Time: 00:15:42

Health: 0/96       AC: 24    Str: 24    XL:     8   Next: 83%
Magic:  7/7        EV:  2    Int:  4    God:    Trog [****..]
Gold:   316        SH:  0    Dex: 10    Spells: 0 memorised, 7 levels left

rFire  . . .     SeeInvis .     a - +1 hand axe (flame)
rCold  + . .     Clarity  .     (armour currently unavailable)
rNeg   + + +     SustAt   .     (no shield)
rPois  +         Gourm    .     (helmet currently unavailable)
rElec  .         Spirit   .     (cloak currently unavailable)
rCorr  .         Warding  .     (gloves currently unavailable)
rMut   .         Stasis   +     (boots currently unavailable)
MR     .....                    e - amulet of stasis
Stlth  +.........               (no ring)
                                t - ring of protection from cold

@: lethally poisoned (0 -> -1), tree-form, not resistant to hostile
enchantments, very unstealthy
A: (retaliatory headbutt), (horns 0)
a: Berserk, Trog's Hand, Brothers in Arms, Burn Spellbooks, Renounce Religion


You were on level 7 of the Dungeon.
You worshipped Trog.
Trog was greatly pleased with you.
You were full.
You were a tree.
You visited 1 branch of the dungeon, and saw 7 of its levels.

You collected 316 gold pieces.

Inventory:

Hand Weapons
 a - a +1 hand axe of flaming (weapon)
Armour
 b - a +0 animal skin
 p - a +0 ring mail
 q - a +2 plate armour (melded)
Jewellery
 e - an amulet of stasis (around neck)
 h - an uncursed ring of wizardry
 t - a ring of protection from cold (left branch)
Wands
 n - a wand of frost (25)
 r - a wand of confusion (15)
Scrolls
 g - 2 scrolls of noise
 v - a scroll of remove curse
 y - 2 scrolls of random uselessness
Potions
 c - 2 potions of haste
 i - a potion of might {unknown}
 j - a potion of resistance {unknown}
 l - 2 potions of curing {unknown}
 m - a potion of magic {unknown}
 o - a potion of brilliance {unknown}
 w - a potion of flight
 z - 2 potions of agility {unknown}
 A - a potion of degeneration {unknown}
 C - a potion of heal wounds {unknown}
Comestibles
 d - 3 meat rations
 f - 4 fruits
 k - 3 beef jerkies
 s - 4 bread rations
 D - 10 chunks of flesh


   Skills:
 - Level 3.6 Fighting
 + Level 13.5 Axes
 - Level 2.4 Armour
 - Level 2.1 Dodging


You had 7 spell levels left.
You didn't know any spells.

Dungeon Overview and Level Annotations

Branches:
Dungeon (7/15)             Temple (0/1) D:7

Altars:
Ashenzari
Fedhas
Okawaru
Ru
Yredelemnul

Shops:
D:4 *


Innate Abilities, Weirdness & Mutations

((You reflexively headbutt those who attack you in melee.))
((You have a pair of horns on your head.))


Message History

The killer bee closely misses you. You furiously retaliate!
You headbutt the killer bee.
You kill the killer bee!
Trog accepts your kill.
Read which item? (? for menu, Esc to quit)
Okay, then.
It was a potion of flight.
You feel very buoyant.
You fly up into the air.
* * * LOW HITPOINT WARNING * * *
You feel sick.
Unknown command.
You see here a rapier.
It was a potion of cure mutation.
It has a very clean taste.
* * * LOW HITPOINT WARNING * * *
You feel sick.
It was a potion of lignification.
You turn into a tree.
Your +2 plate armour melds into your body.
Your roots penetrate the ground.
You die...

..# ### # #
#############.####
#.......§§§§§.!...
#######)## ###§##
..)))%...####.#§♣#
(..###......#.##§#
#### #...#..#.#..#
######.##..#....#
#...............#
#.####.#..........#
#.#####.###### #.#
### #.#


There were no monsters in sight!

Vanquished Creatures
  2 ice beasts
  A sky beast (D:6)
  2 ogres (D:4)
  2 centaurs
  A phantom (D:5)
  A big kobold (D:7)
  A giant frog (D:7)
  3 scorpions
  6 killer bees (D:7)
  A vampire bat (D:3)
  A jelly (D:5)
  4 crimson imps
  A hound (D:5)
  An orc wizard (D:4)
  5 worker ants
  Robin (D:4)
  2 worker ant zombies (D:5)
  8 adders
  An adder skeleton (D:5)
  5 giant geckos
  7 orcs
  A ball python (D:1)
  8 giant cockroaches
  9 hobgoblins
  8 jackals
  9 kobolds
  2 quokkas
  10 bats (D:3)
  A giant gecko skeleton (D:4)
  7 giant newts
  17 goblins
  3 rats
131 creatures vanquished.

Notes
Turn   | Place    | Note
--------------------------------------------------------------
     0 | D:1      | JokEr the Minotaur Berserker began the quest for the Orb.
     0 | D:1      | Reached XP level 1. HP: 19/19 MP: 0/0
   433 | D:1      | Reached skill level 4 in Axes
   690 | D:1      | Reached XP level 2. HP: 20/26 MP: 1/1
  1395 | D:2      | Reached skill level 5 in Axes
  1403 | D:2      | Reached ** piety under Trog
  1403 | D:2      | Reached XP level 3. HP: 27/31 MP: 2/2
  2095 | D:3      | Reached skill level 6 in Axes
  2095 | D:3      | Reached XP level 4. HP: 39/39 MP: 3/3
  2394 | D:3      | Found an iron altar of Okawaru.
  2732 | D:4      | Noticed an ogre
  2747 | D:4      | Killed an ogre
  2747 | D:4      | Reached skill level 7 in Axes
  2747 | D:4      | Reached XP level 5. HP: 45/45 MP: 4/4
  2964 | D:4      | Noticed an ogre
  2973 | D:4      | Killed an ogre
  2973 | D:4      | Reached skill level 8 in Axes
  2973 | D:4      | Reached XP level 6. HP: 19/51 MP: 5/5
  3888 | D:4      | Found Guzo's Assorted Antiques.
  3924 | D:4      | Noticed Robin
  3926 | D:4      | Reached *** piety under Trog
  3942 | D:4      | Killed Robin
  4203 | D:5      | Entered Level 5 of the Dungeon
  4211 | D:5      | Reached skill level 9 in Axes
  4728 | D:5      | Reached XP level 7. HP: 48/57 MP: 6/6
  4863 | D:5      | Reached skill level 10 in Axes
  4945 | D:5      | Found a basalt altar of Yredelemnul.
  5058 | D:5      | Found a sacrificial altar of Ru.
  5062 | D:5      | Found a shattered altar of Ashenzari.
  5379 | D:5      | Reached skill level 11 in Axes
  5885 | D:6      | Reached XP level 8. HP: 56/64 MP: 7/7
  6047 | D:6      | Found a blossoming altar of Fedhas.
  6180 | D:6      | Reached skill level 12 in Axes
  6680 | D:7      | Found a staircase to the Ecumenical Temple.
  6856 | D:7      | Reached **** piety under Trog
  6860 | D:7      | Reached skill level 13 in Axes
  6881 | D:7      | HP: 3/64 [poisoned by a killer bee]
  6886 | D:7      | HP: 2/64 [poisoned by a killer bee]
  6890 | D:7      | Succumbed to a killer bee's poison

Action                   |  1- 3 |  4- 6 |  7- 9 || total
-------------------------+-------+-------+-------++-------
Melee: Hand axe          |   103 |   101 |   193 ||   397
Invok: Berserk           |     1 |     2 |       ||     3
Evoke: Wand              |       |       |     2 ||     2
  Use: Scroll            |     4 |     5 |     8 ||    17
       Potion            |       |       |     3 ||     3
  Eat: Meat ration       |     1 |     1 |     3 ||     5
       Bread ration      |     1 |       |       ||     1
       Chunk             |     1 |       |       ||     1
